AoeStats
← Milo Thatch

Arabia

509811824Analyzed
2v2 RM · 5d ago on Sep 28, 2026· 17m 39s· 4 players
Game mode
Random Map
Map size
Medium (4 player)
Population
200
Speed
Normal
Resources
Standard
Victory
Conquest
Starting age
Dark Age
Ending age
Imperial Age
RankedLock teamsTeams togetherTeam positionsShared explorationLock speedFull tech treeHidden civsTurbo modeCheats
Victory
Defeat
🇵🇪 Aztecs · Peru
993
+14
🇩🇪 Koreans · Germany
966
+16
🇺🇸 Mongols · United States
958
-44
🇺🇸 Goths · United States
958
-44
Tyler8274
3:02 Loom
10:41 Feudal Age
11:55 Horse Collar
16:16 Double-Bit Axe
Milo Thatch
5:28 Loom
12:13 Feudal Age
12:41 Horse Collar
12:51 Double-Bit Axe
15:19 Fletching
15:29 Padded Archer Armor
Lord Bendtner
5:53 Loom
12:33 Feudal Age
13:09 Double-Bit Axe
14:55 Horse Collar
15:09 Gold Mining
tedyoso
9:44 Feudal Age
10:54 Loom
11:47 Man-at-Arms
Connection lost

Rejoining the realm…

Still unreachable

The connection could not be restored.

Session expired

The server has moved on; the page needs a fresh start.